 Dungeon Crawl Stone Soup version 0.28.0-47-ge53b351184 (webtiles) character file.

Game seed: 12912743700391332466

39 pkoi the Chiller (level 3, -1/26 HPs)
             Began as a Demigod Ice Elementalist on May 8, 2022.
             Slain by a water moccasin skeleton (5 damage)
             ... on level 2 of the Dungeon.
             The game lasted 00:01:24 (2427 turns).

pkoi the Chiller (Demigod Ice Elementalist)         Turns: 2427, Time: 00:01:24

Health: -1/26      AC:  2    Str:  9    XL:     3   Next: 13%
Magic:  8/8        EV: 12    Int: 21    God:
Gold:   37         SH:  0    Dex: 14    Spells: 1/5 levels left

rFire   . . .      SeeInvis .   c - +0 rapier
rCold   . . .      Faith    .   (no shield)
rNeg    . . .      Spirit   .   a - +0 robe
rPois   .          Reflect  .   (no helmet)
rElec   .          Harm     .   (no cloak)
rCorr   .          Rampage  .   (no gloves)
Will    .....                   (no boots)
Stlth   ++........              (no amulet)
HPRegen 0.08/turn               (no ring)
MPRegen 0.11/turn               (no ring)

@: no status effects
A: high MP 1, forlorn, divine attributes
a: no special abilities


You were on level 2 of the Dungeon.
You visited 1 branch of the dungeon, and saw 2 of its levels.

You collected 37 gold pieces.

Inventory:

Hand Weapons
 c - a +0 rapier (weapon)
 e - a +0 short sword
Armour
 a - a +0 robe (worn)
Scrolls
 b - a scroll of vulnerability {unknown}
 g - a scroll of teleportation {unknown}
Potions
 d - a potion of brilliance {unknown}
 f - a potion of attraction {unknown}
 h - 2 potions of curing {unknown}


   Skills:
 - Level 1.7 Dodging
 - Level 1.7 Stealth
 + Level 1.7 Spellcasting
 * Level 4.7 Ice Magic


You had one spell level left.
You knew the following spells:

 Your Spells              Type           Power      Damage    Failure   Level
a - Freeze                Ice            84%        1d10      2%          1
b - Frozen Ramparts       Ice            42%        1d6       6%          3

Your spell library contained the following spells:

 Spells                   Type           Power      Damage    Failure   Level
 Ozocubu's Armour         Ice            21%        N/A       6%          3
 Hailstorm                Conj/Ice       11%        3d5       50%         4


Dungeon Overview and Level Annotations

Branches:
Dungeon (2/15)


Innate Abilities, Weirdness & Mutations

You have an increased reservoir of magic. (+10% MP)
You shall have no god before yourself.
Your divine heritage dramatically boosts your attributes as you level up.


Message History

a +0 club; a goblin corpse A hobgoblin comes into view.
The hobgoblin shouts!
A water moccasin skeleton comes into view.
There are monsters nearby!
You freeze the hobgoblin.
The hobgoblin is almost dead.
The hobgoblin barely misses you.
You freeze the hobgoblin.
You kill the hobgoblin!
You can't see any susceptible monsters within range! (Use Z to cast anyway.)
Found a whip.
You hit the water moccasin skeleton but do no damage.
The water moccasin skeleton bites you.
You closely miss the water moccasin skeleton.
The water moccasin skeleton bites you.
* * * LOW HITPOINT WARNING * * *
You hit the water moccasin skeleton.
The water moccasin skeleton is lightly damaged.
The water moccasin skeleton bites you.
* * * LOW HITPOINT WARNING * * *
The water moccasin skeleton bites you but does no damage.
You hit the water moccasin skeleton but do no damage.
The water moccasin skeleton is lightly damaged.
The water moccasin skeleton barely misses you.
You barely miss the water moccasin skeleton.
The water moccasin skeleton is lightly damaged.
The water moccasin skeleton bites you.
* * * LOW HITPOINT WARNING * * *
The water moccasin skeleton misses you.
You closely miss the water moccasin skeleton.
The water moccasin skeleton is lightly damaged.
The water moccasin skeleton bites you.
* * * LOW HITPOINT WARNING * * *
You hit the water moccasin skeleton.
The water moccasin skeleton is lightly damaged.
The water moccasin skeleton bites you.
* * * LOW HITPOINT WARNING * * *
The water moccasin skeleton bites you.
You die...

#.#.### #....
#.#...# #....
#.#...# #....
#.#...# ####.
#####+#...# #.
#.........# ##
#.........#
#........##
#..@......#
#..Z......#
#...........
#............
.............
........).....
...####+#+#...
.... ..


You could see a water moccasin skeleton.

Vanquished Creatures
  An adder (D:2)
  2 ball pythons (D:1)
  4 endoplasms (D:1)
  A giant cockroach (D:1)
  5 hobgoblins
  2 jackals (D:2)
  A quokka (D:1)
  2 bats (D:1)
  3 frilled lizards (D:1)
  3 goblins
  3 kobolds (D:1)
  A rat (D:1)
28 creatures vanquished.

Notes
Turn   | Place    | Note
-------+----------+-------------------------------------------
     0 | D:1      | pkoi the Demigod Ice Elementalist began the quest for the
                  | Orb.
     0 | D:1      | Reached XP level 1. HP: 14/14 MP: 5/5
   968 | D:1      | Reached skill level 4 in Ice Magic
  1321 | D:1      | Reached XP level 2. HP: 12/20 MP: 5/7
  2237 | D:2      | Reached XP level 3. HP: 21/26 MP: 3/8
  2297 | D:2      | Learned a level 3 spell: Frozen Ramparts
  2427 | D:2      | Slain by a water moccasin skeleton

Illustrated notes

Levels and vault maps discovered:
D:1:      wander_arrival_lonely_grave, layout_loops_ring,
          shapermc_ecumenical_altar_petra
D:2:      layout_basic, basic_altar, minmay_misc_feat_alley, amethyst_killhole,
          uniq_terence

Skill      XL: |  1 |
---------------+----+-----
Ice Magic      | 4 |  4.7
Dodging        | |  1.7
Stealth        | |  1.7
Spellcasting   | |  1.7

Action                   || total
-------------------------++-------
Melee: Rapier            ||    22
 Cast: Freeze            ||    31
 Stab: Sleeping          ||     3
Armor: Robe              ||     7
Dodge: Dodged            ||    17
